 Dungeon Crawl Stone Soup version 0.28.0-43-g3370ac3207 (webtiles) character file.

Game seed: 4509793261995577835

1050 Ablot the Grasshopper (level 8, -6/63 HPs)
             Began as a Gnoll Warper on Mar 14, 2022.
             Was an Initiate of the Shining One.
             Killed by divine providence
             ... invoked by an orc priest
              (14 damage)
             ... on level 6 of the Dungeon.
             The game lasted 00:06:29 (6669 turns).

Ablot the Grasshopper (Gnoll Warper)                Turns: 6669, Time: 00:06:30

Health: -6/63      AC:  7    Str: 15    XL:     8   Next: 26%
Magic:  15/16      EV: 13    Int: 12    God:    the Shining One [......]
Gold:   260        SH:  7    Dex: 13    Spells: 15/18 levels left

rFire   + . .      SeeInvis .   p - +4 short sword
rCold   . . .      Faith    .   (no shield)
rNeg    . . .      Spirit   .   b - +0 leather armour
rPois   +          Reflect  .   L - +0 helmet of Jathoaf {Str+3}
rElec   .          Harm     .   J - +0 cloak
rCorr   .          Rampage  .   (no gloves)
Will    .....                   K - +0 pair of boots
Stlth   +.........              C - amulet of the acrobat
HPRegen 0.20/turn               g - ring of poison resistance
MPRegen 0.15/turn               F - ring of protection from fire

@: divinely shielded, glowing
A: fangs 1, strong nose, distributed training
a: Renounce Religion


You were on level 6 of the Dungeon.
You worshipped the Shining One.
The Shining One was noncommittal.
You visited 1 branch of the dungeon, and saw 6 of its levels.

You collected 260 gold pieces.

Inventory:

Hand Weapons
 a - a +0 spear
 p - a +4 short sword (weapon)
Missiles
 d - 5 boomerangs of dispersal
 e - 140 stones
 f - 13 poisoned darts (quivered)
 j - 83 arrows
 u - 57 bolts
 A - 18 sling bullets
Armour
 b - a +0 leather armour (worn)
 J - a +0 cloak (worn)
 K - a +0 pair of boots (worn)
 L - the +0 helmet of Jathoaf (worn) {Str+3}
   (You found it on level 6 of the Dungeon)

   Str:       It affects your strength (+3).
Magical Staves
 E - a staff of cold
Jewellery
 g - a ring of poison resistance (left hand)
 r - a ring of see invisible
 t - a ring of wizardry
 C - an amulet of the acrobat (around neck)
 F - a ring of protection from fire (right hand)
Wands
 D - a wand of mindburst (9)
Scrolls
 c - 2 scrolls of blinking
 h - 4 scrolls of enchant weapon {unknown}
 i - 6 scrolls of identify {unknown}
 k - 3 scrolls of teleportation {unknown}
 o - 5 scrolls of torment {unknown}
 q - a scroll of vulnerability {unknown}
 s - 2 scrolls of magic mapping {unknown}
 x - a scroll of noise {unknown}
 y - a scroll of immolation {unknown}
 B - 2 scrolls of fear {unknown}
 G - 2 scrolls of enchant armour {unknown}
Potions
 l - a potion of flight {unknown}
 m - 2 potions of degeneration {unknown}
 n - 2 potions of magic {unknown}
 v - a potion of lignification {unknown}
 w - 2 potions of ambrosia {unknown}
 z - 4 potions of curing {unknown}
 H - a potion of brilliance {unknown}
 I - a potion of cancellation {unknown}


   Skills:
 + Level 5.6 Fighting
 + Level 3.1 Short Blades
 + Level 3.1 Long Blades
 + Level 3.1 Axes
 + Level 3.1 Maces & Flails
 + Level 5.6 Polearms
 + Level 3.1 Staves
 + Level 3.1 Slings
 + Level 3.1 Bows
 + Level 3.1 Crossbows
 + Level 4.1 Throwing
 + Level 4.1 Armour
 + Level 5.6 Dodging
 + Level 3.1 Stealth
 + Level 3.1 Shields
 + Level 3.1 Unarmed Combat
 + Level 5.9 Spellcasting
 + Level 2.5 Conjurations
 + Level 2.5 Hexes
 + Level 2.5 Summonings
 + Level 2.5 Necromancy
 + Level 6.0 Translocations
 + Level 2.5 Transmutations
 + Level 2.5 Fire Magic
 + Level 2.5 Ice Magic
 + Level 2.5 Air Magic
 + Level 2.5 Earth Magic
 + Level 2.5 Poison Magic
 + Level 3.4 Invocations
 + Level 3.1 Evocations


You had 15 spell levels left.
You knew the following spells:

 Your Spells              Type           Power      Damage    Failure   Level
a - Blink                 Tloc           36%        N/A       2%          2
b - Sting                 Tmut/Pois      36%        1d4       8%          1

Your spell library contained the following spells:

 Spells                   Type           Power      Damage    Failure   Level
 Gell's Gravitas          Tloc           18%        N/A       5%          3
 Lesser Beckoning         Tloc           18%        N/A       5%          3
 Teleport Other           Tloc           18%        N/A       5%          3
 Summon Small Mammal      Summ           36%        N/A       8%          1
 Call Canine Familiar     Summ           9%         N/A       24%         3
 Ignite Poison            Fire/Tmut/Pois 9%         N/A       24%         3
 Mephitic Cloud           Conj/Pois/Air  9%         N/A       24%         3
 Summon Guardian Golem    Hex/Summ       9%         N/A       24%         3
 Manifold Assault         Tloc           18%        N/A       45%         5
 Freezing Cloud           Conj/Ice/Air   4%         6-21      91%         5


Dungeon Overview and Level Annotations

Branches:
Dungeon (6/15)
 Temple: D:4-7

Altars:
Sif Muna
Trog
Zin
The Shining One


Innate Abilities, Weirdness & Mutations

You have very sharp teeth.
Your uncanny sense of smell can sniff out nearby items.
Your experience applies equally to all skills.


Message History

You bite the orc warrior, but do no damage.
The orc warrior is severely wounded.
The orc warrior hits you but does no damage.
You hit the orc warrior.
You bite the orc warrior, but do no damage.
The orc warrior is severely wounded.
The orc warrior barely misses you.
You hit the orc warrior. Your bite misses the orc warrior.
The orc warrior is almost dead.
You block the orc warrior's attack.
You hit the orc warrior but do no damage.
Your bite misses the orc warrior.
The orc warrior is almost dead.
The orc warrior hits you with a +0 war axe!
* * * LOW HITPOINT WARNING * * *
You hit the orc warrior.
You kill the orc warrior!
You barely miss the orc wizard.
The orc wizard is severely wounded.
The orc wizard hits you but does no damage.
Unknown command.
You hit the orc wizard but do no damage.
The orc wizard is severely wounded.
The orc wizard points at you and mumbles some strange words.
You resist with some effort.
You hit the orc wizard.
The orc wizard is severely wounded.
The orc wizard hits you but does no damage.
You barely miss the orc wizard.
The orc wizard is severely wounded.
The orc wizard casts a spell at you. The puff of flame misses you.
You hit the orc wizard.
You kill the orc wizard!
Reactivating autopickup.
You hit the orc.
You kill the orc!
The orc priest invokes the aid of Beogh against you.
Beogh smites you!
You die...

#.#.#.# #.....#..####.##......
####'#.#.# #.....#...#...........
.......#.# #.....#...#.#.##.....|
.......#.# #.....#.#.#.#.##......
.......#.###...."#.#.............
.......................#.##......
......##.###.###.#.##..#.##......
......##.#.....#.#............###
......##.#.#...#@#..##.#.######
......##.#.#####)#.[##.#......#
......##.#......o...##.#..###.#
......##.#.#####..###.......#
####+###.#######..(.#.....#.#
#..........#.#.#...#.#
############.#.#...#.#####
.oo.o...#.#...#......
#.#######.#...#######


You could see an orc priest.

Vanquished Creatures
  A black bear (D:5)
  An orc warrior (D:6)
  An ogre (D:5)
  A bullfrog (D:6)
  Blork the orc (D:5)
  3 scorpions
  A water moccasin skeleton (D:5)
  2 jellies
  3 hounds
  2 iguanas
  2 orc wizards
  A scorpion zombie (D:5)
  A gnoll (D:3)
  8 adders
  A white imp (D:3)
  3 worms
  3 orcs
  3 endoplasms
  5 giant cockroaches
  8 goblins
  8 hobgoblins
  4 jackals (D:1)
  7 kobolds
  5 quokkas
  7 ball pythons
  6 bats
  4 frilled lizards
  6 rats
98 creatures vanquished.

Notes
Turn   | Place    | Note
-------+----------+-------------------------------------------
     0 | D:1      | Ablot the Gnoll Warper began the quest for the Orb.
     0 | D:1      | Reached XP level 1. HP: 20/20 MP: 6/6
   154 | D:1      | Reached XP level 2. HP: 22/26 MP: 7/7
   157 | D:1      | Learned a level 2 spell: Blink
   593 | D:1      | Reached XP level 3. HP: 22/31 MP: 9/9
   720 | D:1      | Reached skill level 5 in Spellcasting
  1183 | D:2      | Reached skill level 1 in Invocations
  1310 | D:2      | Reached skill level 1 in Short Blades
  1310 | D:2      | Reached skill level 1 in Long Blades
  1310 | D:2      | Reached skill level 1 in Axes
  1310 | D:2      | Reached skill level 1 in Maces & Flails
  1310 | D:2      | Reached skill level 1 in Staves
  1310 | D:2      | Reached skill level 1 in Slings
  1310 | D:2      | Reached skill level 1 in Bows
  1310 | D:2      | Reached skill level 1 in Crossbows
  1310 | D:2      | Reached skill level 1 in Stealth
  1310 | D:2      | Reached skill level 1 in Shields
  1310 | D:2      | Reached skill level 1 in Unarmed Combat
  1310 | D:2      | Reached skill level 1 in Evocations
  1862 | D:2      | Reached XP level 4. HP: 38/38 MP: 11/11
  1896 | D:2      | Found a faded altar of an unknown god.
  2090 | D:2      | Found a glowing golden altar of the Shining One.
  2102 | D:2      | Became a worshipper of the Shining One
  2373 | D:3      | Reached skill level 1 in Conjurations
  2373 | D:3      | Reached skill level 1 in Hexes
  2373 | D:3      | Reached skill level 1 in Summonings
  2373 | D:3      | Reached skill level 1 in Necromancy
  2373 | D:3      | Reached skill level 1 in Transmutations
  2373 | D:3      | Reached skill level 1 in Fire Magic
  2373 | D:3      | Reached skill level 1 in Ice Magic
  2373 | D:3      | Reached skill level 1 in Air Magic
  2373 | D:3      | Reached skill level 1 in Earth Magic
  2373 | D:3      | Reached skill level 1 in Poison Magic
  2430 | D:3      | Found a glowing silver altar of Zin.
  2462 | D:3      | Found a shimmering blue altar of Sif Muna.
  2594 | D:3      | Got Sif Muna's Reference Book on Shape Shifting
  2597 | D:3      | Learned a level 1 spell: Sting
  2601 | D:3      | Found a bloodstained altar of Trog.
  2680 | D:3      | Reached XP level 5. HP: 43/43 MP: 12/12
  3534 | D:4      | Reached XP level 6. HP: 35/50 MP: 13/13
  4242 | D:5      | Entered Level 5 of the Dungeon
  4394 | D:5      | Reached skill level 5 in Fighting
  4394 | D:5      | Reached skill level 5 in Polearms
  4394 | D:5      | Reached skill level 5 in Dodging
  4413 | D:5      | Reached * piety under the Shining One
  4893 | D:5      | Reached XP level 7. HP: 40/56 MP: 15/15
  5015 | D:5      | Noticed Blork the orc
  5023 | D:5      | Killed Blork the orc
  5526 | D:5      | Found a glowing golden altar of the Shining One.
  6254 | D:6      | Reached skill level 6 in Translocations
  6254 | D:6      | Reached XP level 8. HP: 62/63 MP: 16/16
  6411 | D:6      | Identified the +0 helmet of Jathoaf {Str+3}
  6669 | D:6      | Killed from afar by an orc priest

Illustrated notes

Levels and vault maps discovered:
D:1:      dpeg_arrival_lava_altar, layout_basic
D:2:      layout_rooms, basic_ecumenical_altar, basic_altar
D:3:      layout_basic, nzn_overflow_gifts_of_might_and_magic, zin_academy
D:4:      layout_loops_ring, chequers_serial_rivers_small_a
D:5:      layout_loops_ring, lemuel_crystal_altar, uniq_blork_the_orc
D:6:      layout_basic, yredelemnul_forgotten_temple_becter,
          minmay_temple_entry_hall

Skill      XL: |  1  2  3  4  5  6  7  8 |
---------------+-------------------------+-----
Spellcasting   | 5 |  5.9
Invocations    | 1 2 3 |  3.4
Short Blades   | 1 2 3 |  3.1
Long Blades    | 1 2 3 |  3.1
Axes           | 1 2 3 |  3.1
Maces & Flails | 1 2 3 |  3.1
Staves         | 1 2 3 |  3.1
Slings         | 1 2 3 |  3.1
Bows           | 1 2 3 |  3.1
Crossbows      | 1 2 3 |  3.1
Stealth        | 1 2 3 |  3.1
Shields        | 1 2 3 |  3.1
Unarmed Combat | 1 2 3 |  3.1
Evocations     | 1 2 3 |  3.1
Conjurations   | 1 2 |  2.5
Hexes          | 1 2 |  2.5
Summonings     | 1 2 |  2.5
Necromancy     | 1 2 |  2.5
Transmutations | 1 2 |  2.5
Fire Magic     | 1 2 |  2.5
Ice Magic      | 1 2 |  2.5
Air Magic      | 1 2 |  2.5
Earth Magic    | 1 2 |  2.5
Poison Magic   | 1 2 |  2.5
Throwing       | 3 4 |  4.1
Armour         | 3 4 |  4.1
Fighting       | 5 |  5.6
Polearms       | 5 |  5.6
Dodging        | 5 |  5.6
Translocations | 6 |  6.0

Action                   |  1- 3 |  4- 6 |  7- 9 || total
-------------------------+-------+-------+-------++-------
Melee: Spear             |   157 |       |       ||   157
       Bite              |    15 |    13 |    11 ||    39
       Short sword       |    11 |   141 |    89 ||   241
       Punch             |     2 |     6 |     1 ||     9
Throw: Dart              |       |       |     1 ||     1
 Cast: Blink             |       |     1 |       ||     1
       Sting             |       |     1 |       ||     1
Invok: Divine Shield     |       |       |     2 ||     2
Evoke: Wand              |       |       |     2 ||     2
 Stab: Sleeping          |     1 |       |       ||     1
Armor: Leather armour    |    29 |    18 |    22 ||    69
Dodge: Dodged            |    75 |    69 |    59 ||   203
Block: Other             |       |       |     7 ||     7
